 Dungeon Crawl Stone Soup version 0.25-a0-464-g3004169c2b (webtiles) character file.

Game seed: 17617824480641571722, levelgen mode: deterministic

11481 Rasan the Spear-Bearer (level 11, -7/99 HPs)
             Began as a Merfolk Fighter on Feb 4, 2020.
             Mangled by a death yak (26 damage)
             ... on level 10 of the Dungeon.
             The game lasted 01:09:10 (12577 turns).

Rasan the Spear-Bearer (Merfolk Fighter)           Turns: 12577, Time: 01:09:11

Health: -7/99      AC:  9    Str: 20    XL:     11   Next: 78%
Magic:  11/11      EV: 15    Int: 11    God:
Gold:   407        SH:  9    Dex: 15    Spells: 10/10 levels left

rFire    + . .     SeeInvis .   B - +3 trident of Defence by Offence {vorpal, rN+ Dex+2 Stlth+}
rCold    + + .     Gourm    .   c - +0 shield
rNeg     + . .     Faith    .   s - +2 ring mail {rC+}
rPois    .         Spirit   .   o - +0 helmet
rElec    .         Reflect  .   J - scarf {rC+ rF+}
rCorr    .         Harm     .   e - +0 pair of gloves
MR       .....                  (no boots)
Stlth    ++........             (no amulet)
HPRegen  0.26/turn              g - ring of wizardry
MPRegen  0.12/turn              G - +3 ring of intelligence

@: no status effects
A: change form in water, swift swim, stealthy swim
a: no special abilities


You were on level 10 of the Dungeon.
You were not hungry.

You visited 1 branch of the dungeon, and saw 11 of its levels.

You collected 507 gold pieces.
You spent 100 gold pieces at shops.

Inventory:

Hand Weapons
 B - the +3 trident of Defence by Offence (weapon) {vorpal, rN+ Dex+2 Stlth+}
   (You found it on level 5 of the Dungeon)

   It inflicts extra damage upon your enemies.
   It affects your dexterity (+2).
   It protects you from negative energy.
   It makes you more stealthy.
 D - a +0 vorpal spear
 L - a +0 glaive of flaming
 Z - a +2 trident of flaming
Armour
 c - a +0 shield (worn)
 e - a +0 pair of gloves (worn)
 o - a +0 helmet (worn)
 s - a +2 ring mail of cold resistance (worn)
 J - a scarf of resistance (worn)
Magical Staves
 y - an uncursed staff of death
Jewellery
 g - a ring of wizardry (left hand)
 A - an uncursed ring of stealth
 G - a +3 ring of intelligence (right hand)
 Q - an uncursed amulet of harm
 R - an uncursed ring of magical power {unknown}
 S - the amulet "Wuirphuho" {+Rage MR- Str+8 Dex+4 Slay+2, unknown}
   (You found it on level 9 of the Dungeon)

   [amulet of rage]

   It affects your strength (+8).
   It affects your dexterity (+4).
   It affects your accuracy and damage with ranged weapons and melee attacks
   (+2).
   It affects your resistance to hostile enchantments.
   It lets you go berserk.
Wands
 b - a wand of digging (4)
 v - a wand of iceblast (14)
 C - a wand of paralysis (29)
 E - a wand of enslavement (8)
 I - a wand of random effects (16)
 Y - a wand of clouds (4)
Scrolls
 a - a scroll of identify
 h - 3 scrolls of enchant weapon
 l - 2 scrolls of teleportation
 m - 2 scrolls of fear {unknown}
 r - 3 scrolls of immolation {unknown}
 u - 3 scrolls of magic mapping {unknown}
 w - a scroll of holy word {unknown}
 x - a scroll of random uselessness {unknown}
 F - 2 scrolls of amnesia {unknown}
 H - 3 scrolls of remove curse {unknown}
 O - a scroll of torment {unknown}
 U - a scroll of blinking {unknown}
Potions
 d - 6 potions of might
 i - a potion of brilliance {unknown}
 j - 5 potions of heal wounds {unknown}
 k - 5 potions of curing {unknown}
 n - 2 potions of resistance {unknown}
 p - a potion of mutation {unknown}
 q - 2 potions of agility {unknown}
 t - a potion of invisibility {unknown}
 z - 2 potions of haste {unknown}
 K - 2 potions of ambrosia {unknown}
 N - 7 potions of degeneration {unknown}
Comestibles
 f - 10 rations


   Skills:
 + Level 13.8 Fighting
 - Level 14.2 Polearms
 - Level 2.1 Armour
 + Level 10.7 Dodging
 - Level 3.0 Shields


You had 10 spell levels left.
You didn't know any spells.
Your spell library contained the following spells:

 Spells                   Type           Power        Failure   Level  Hunger
 Foxfire                  Conj/Fire      #...         69%         1    ##.....
 Confusing Touch          Hex            #.......     96%         3    ####...
 Conjure Flame            Conj/Fire      #.......     96%         3    ####...
 Gell's Gravitas          Tloc           #.........   96%         3    ####...
 Inner Flame              Hex/Fire       #.......     96%         3    ####...
 Petrify                  Tmut/Erth      #.......     100%        4    #####..
 Sticky Flame             Conj/Fire      #.......     100%        4    #####..
 Fireball                 Conj/Fire      #.........   100%        5    ######.
 Metabolic Englaciation   Hex/Ice        #.........   100%        5    ######.
 Yara's Violent Unravell  Hex/Tmut       #.........   100%        5    ######.


Dungeon Overview and Level Annotations

Branches:
Dungeon (11/15)            Temple (0/1) D:4            Lair (0/6) D:11
    Orc (0/2) D:11

Altars:
Ashenzari
Elyvilon
Xom

Shops:
D:4 ?   D:5 %%%=*   D:7 *


Message History

The death yak is heavily wounded.
The death yak barely misses you.
You puncture the death yak!
The death yak is severely wounded.
You hit the death yak.
The death yak is severely wounded.
You block the death yak's attack.
You hit the death yak.
The death yak is severely wounded.
The death yak misses you.
You hit the death yak.
The death yak is severely wounded.
You hit the death yak.
The death yak is almost dead.
The death yak gores you!!
* * * LOW HITPOINT WARNING * * *
You hit the death yak but do no damage.
The death yak is almost dead.
The death yak gores you!!
You die...

#.#..#.'..#.#.#
#......####...#
###########'#####.......#
........†.......#..[....#
###########'#####.......#
........................#
.>.......####...........#
........................#
###############Y@.......#
#.#######.# #.........#
################'###..[.#
.........##........#....#
.........##........'.#..#
.........##........#.#..#
##############.....#....#
....#####....#.....#....#


You could see a death yak.

Vanquished Creatures
  A two-headed ogre (D:9)
  4 death yaks (D:10)
  A tengu warrior (D:10)
  An ugly thing (D:11)
  Maggie (D:7)
  Maurice (D:10)
  A hippogriff (D:6)
  13 yaks (D:10)
  A steam dragon (D:10)
  3 hungry ghosts
  A water moccasin (D:8)
  3 ice beasts
  2 necrophages
  A hornet zombie (D:8)
  2 orc warriors
  2 sky beasts
  5 ogres
  A phantom (D:5)
  5 centaurs
  6 big kobolds
  6 bullfrogs
  A water moccasin zombie (D:10)
  A wyvern skeleton (D:9)
  4 scorpions
  2 crimson imps
  A centaur zombie (D:6)
  3 hounds
  2 bullfrog zombies
  2 jellies
  5 orc wizards
  An orc priest (D:10)
  Crazy Yiuf (D:7)
  A bullfrog skeleton (D:5)
  Jessica (D:2)
  Terence (D:2)
  6 worker ants
  Natasha (thrice) (D:3)
  5 iguanas
  A hound skeleton (D:7)
  A howler monkey zombie (D:7)
  11 adders
  7 gnolls
  A shadow imp (D:6)
  An ooze (D:3)
  2 adder zombies
  3 worms
  3 dart slugs
  6 leopard geckos
  24 orcs
  5 bats
  3 giant cockroaches
  7 goblins
  7 hobgoblins
  7 jackals
  28 kobolds
  5 quokkas
  2 ball pythons
  4 frilled lizards
  A leopard gecko skeleton (D:5)
  2 leopard gecko zombies
  14 rats
246 creatures vanquished.

Vanquished Creatures (others)
  2 plants
2 creatures vanquished.

Grand Total: 248 creatures vanquished

Notes
Turn   | Place    | Note
-------+----------+-------------------------------------------
     0 | D:1      | Rasan the Merfolk Fighter began the quest for the Orb.
     0 | D:1      | Reached XP level 1. HP: 18/18 MP: 1/1
    95 | D:1      | Reached skill level 4 in Polearms
    95 | D:1      | Reached XP level 2. HP: 21/24 MP: 2/2
   584 | D:2      | Reached skill level 5 in Polearms
   584 | D:2      | Reached XP level 3. HP: 22/29 MP: 3/3
   606 | D:2      | Noticed Terence
   626 | D:2      | Killed Terence
   626 | D:2      | Reached skill level 6 in Polearms
   626 | D:2      | Reached XP level 4. HP: 23/35 MP: 4/4
  1017 | D:2      | Noticed Jessica
  1031 | D:2      | Killed Jessica
  1031 | D:2      | Reached skill level 7 in Polearms
  1031 | D:2      | Reached XP level 5. HP: 26/41 MP: 5/5
  2081 | D:3      | Reached skill level 8 in Polearms
  2130 | D:3      | Noticed Natasha
  2141 | D:3      | Killed Natasha
  2145 | D:3      | Noticed Natasha
  2155 | D:3      | Killed Natasha
  2187 | D:3      | Found a shattered altar of Ashenzari.
  2188 | D:3      | Noticed Natasha
  2205 | D:3      | Killed Natasha
  2205 | D:3      | Reached skill level 9 in Polearms
  2205 | D:3      | Reached XP level 6. HP: 47/47 MP: 6/6
  2924 | D:4      | Reached skill level 10 in Polearms
  3203 | D:4      | Found Dyanlo Ziut's Magic Scroll Emporium.
  3272 | D:4      | Reached XP level 7. HP: 49/52 MP: 7/7
  3880 | D:4      | Reached skill level 11 in Polearms
  3914 | D:4      | Found a staircase to the Ecumenical Temple.
  4023 | D:5      | Entered Level 5 of the Dungeon
  4045 | D:5      | Found Vouxty's Food Emporium.
  4050 | D:5      | Found Wiush's Jewellery Emporium.
  4126 | D:5      | Found Popuf's Assorted Antiques.
  4156 | D:5      | Found Qoytreuz's Food Boutique.
  4160 | D:5      | Found Tawurik's Food Boutique.
  4625 | D:5      | Reached skill level 12 in Polearms
  4645 | D:5      | Reached XP level 8. HP: 42/58 MP: 8/8
  4709 | D:5      | Got a bone trident
  4710 | D:5      | Identified the +3 trident of Defence by Offence {vorpal,
                  | rN+ Dex+2 Stlth+} (You found it on level 5 of the Dungeon)
  4934 | D:6      | Reached skill level 13 in Polearms
  5325 | D:6      | Reached skill level 14 in Polearms
  5377 | D:6      | Reached skill level 1 in Dodging
  5636 | D:7      | Noticed Maggie
  5653 | D:7      | Noticed a hippogriff
  5658 | D:7      | Killed Maggie
  5658 | D:7      | Reached skill level 5 in Fighting
  5658 | D:7      | Reached XP level 9. HP: 44/68 MP: 9/9
  6067 | D:7      | Found a runed translucent door.
  6068 | D:7      | Noticed Crazy Yiuf
  6073 | D:7      | Killed Crazy Yiuf
  6144 | D:7      | Reached skill level 5 in Dodging
  6289 | D:7      | Found Yrhieh's Assorted Antiques.
  6297 | D:7      | Bought a scroll of identify for 50 gold pieces
  6297 | D:7      | Bought a scroll of identify for 50 gold pieces
  7014 | D:8      | Reached XP level 10. HP: 83/83 MP: 10/10
  7141 | D:9      | Found a shimmering altar of Xom.
  7232 | D:9      | Got a warped iron amulet
  7439 | D:8      | Reached skill level 10 in Fighting
  7637 | D:9      | Noticed a two-headed ogre
  7647 | D:9      | Killed a two-headed ogre
  8027 | D:10     | Entered Level 10 of the Dungeon
  8503 | D:10     | Found a white marble altar of Elyvilon.
  8742 | D:10     | Reached XP level 11. HP: 90/95 MP: 11/11
  9160 | D:10     | Noticed Maurice
  9196 | D:10     | Killed Maurice
  9391 | D:10     | Noticed a tengu warrior
 10233 | D:10     | Killed a tengu warrior
 10402 | D:11     | Noticed a brown ugly thing
 10421 | D:11     | Killed a brown ugly thing
 10685 | D:11     | Noticed a death yak
 10686 | D:11     | Found a staircase to the Lair.
 10687 | D:11     | Noticed a death yak
 10687 | D:11     | Noticed a death yak
 10687 | D:11     | Noticed a death yak
 10688 | D:11     | Noticed a death yak
 10689 | D:11     | Noticed a death yak
 10692 | D:11     | Noticed a death yak
 10737 | D:11     | Found a staircase to the Orcish Mines.
 11310 | D:10     | Killed a death yak
 11310 | D:10     | Reached skill level 10 in Dodging
 11655 | D:10     | Killed a death yak
 11795 | D:10     | Killed a death yak
 12500 | D:10     | Killed a death yak
 12577 | D:10     | Mangled by a death yak

Levels and vault maps discovered:
D:1:      lightli_arrival_boilingwater, layout_basic
D:2:      minmay_razor_zed, layout_basic, minmay_close_crescents, uniq_terence,
          uniq_jessica
D:3:      layout_basic, minmay_misc_feat_encased, cheibrodos_ashenzari_chains,
          uniq_natasha
D:4:      layout_loops_ring, temple_hall, serial_shops, kennysheep_mini_moat
D:5:      layout_basic, serial_shops, nicolae_shop_waterfront, shop, shop,
          nicolae_shop_statue_plus, shop_fountains, first_ration,
          lexackson_kobold_supper
D:6:      layout_basic, minivault_1, minivault_14
D:7:      layout_cave_pools, serial_shops, nicolae_shop_statue_plus,
          uniq_maggie, uniq_crazy_yiuf_cottage
D:8:      layout_cave_pools
D:9:      layout_long_grid, lemuel_round_altar
D:10:     layout_stronghold, basic_altar, grunt_tengu_nest, uniq_maurice
D:11:     layout_stronghold, dpeg_lair_monsters, orc_david_3

Skill      XL: |  1  2  3  4  5  6  7  8  9 10 11 |
---------------+----------------------------------+-----
Polearms       | 4 5 6 7 9 10 12 14 | 14.2
Dodging        | 3 5 8 10 | 10.7
Fighting       | 5 9 12 13 | 13.8
Armour         | |  2.1
Shields        | |  3.0

Action                   |  1- 3 |  4- 6 |  7- 9 | 10-12 || total
-------------------------+-------+-------+-------+-------++-------
Melee: Trident           |    68 |   204 |   387 |   505 ||  1164
       Unarmed           |       |     4 |       |       ||     4
  Use: Scroll            |       |     4 |     7 |     6 ||    17
 Stab: Sleeping          |       |       |     3 |     3 ||     6
       Distracted        |       |       |     1 |       ||     1
  Eat: Chunk             |       |     6 |     4 |     4 ||    14
       Ration            |       |     1 |     3 |     5 ||     9
Armor: Scale mail        |    17 |    48 |     4 |       ||    69
       Skin              |       |     1 |       |       ||     1
       Ring mail         |       |       |    61 |    74 ||   135
Dodge: Dodged            |    14 |    39 |    59 |   146 ||   258
Block: Shield            |    25 |    69 |    88 |   149 ||   331

Table legend:
 A = Non-vault XP
 B = Vault XP
 C = Vault XP percentage of total XP
 D = Non-vault monster count
 E = Vault monster count
 F = Vault count percentage of total count
                 A         B        C        D         E       F
            +---------+---------+-------+---------+---------+-------
      Total |   10913 |    5489 |  33.5 |     210 |      36 |  14.6
            +---------+---------+-------+---------+---------+-------
        D:1 |      26 |       0 |   0.0 |      14 |       0 |   0.0
        D:2 |      53 |     152 |  74.1 |      18 |      18 |  50.0
        D:3 |     111 |      35 |  24.0 |      18 |       1 |   5.3
        D:4 |     416 |       0 |   0.0 |      25 |       0 |   0.0
        D:5 |     515 |      99 |  16.1 |      14 |       8 |  36.4
        D:6 |    1122 |       0 |   0.0 |      17 |       0 |   0.0
        D:7 |    1011 |     458 |  31.2 |      17 |       2 |  10.5
        D:8 |     911 |       0 |   0.0 |      21 |       0 |   0.0
        D:9 |    1777 |       0 |   0.0 |      19 |       0 |   0.0
       D:10 |    3907 |    4742 |  54.8 |      40 |       6 |  13.0
       D:11 |    1064 |       3 |   0.3 |       7 |       1 |  12.5
            +---------+---------+-------+---------+---------+-------
